[Event "Danish-ch Masters 2022"]
[Site "Svendborg"]
[Date "2022.04.16"]
[Round "8.5"]
[White "Schandorff, Lars"]
[Black "Sylvan, Jacob"]
[Result "1-0"]
[ECO "A06"]
[WhiteElo "2469"]
[BlackElo "2312"]
[Annotator "TA"]
[PlyCount "65"]
[EventDate "2022.04.10"]
[EventType "tourn"]
[EventCountry "DEN"]
[SourceTitle "playchess.com"]
[Source "ChessBase"]
[SourceQuality "1"]
[TimeControl "40/5400+30:1800+30"]

1. Nf3 d5 2. g3 Nf6 3. Bg2 e6 4. O-O c5 5. c4 d4 6. e3 Nc6 7. exd4 cxd4 8. d3 Bd6 {[%emt 0:06:25] A13: English Opening: 1...e6.} 9. Bg5 h6 10. Bxf6 Qxf6 {[%emt 0:00:09] The position is equal.} 11. Nbd2 Qe7 12. a3 a5 $1 {[%emt 0:01:28][%cal Ba7a5,Ba5a4][%mdl 32] Prevents b4.} 13. Re1 O-O 14. Nb3 {[%emt 0:02:33] 14.Rc1 is the hot move.} Qf6 15. Nfd2 Bc7 16. c5 a4 17. Ne4 {[%emt 0:00:50] [#]} Qg6 $146 (17... Qe7 $15 18. Nbd2 Bd7) ({Predecessor:} 17... Qe7 18. Nbd2 Bd7 19. Rc1 Ba5 20. Re2 Bxd2 21. Qxd2 Na5 22. Qb4 Bc6 23. Rcc2 Nb3 {½-½ (33) Khmelniker,I (2483)-Erenberg,A (2409) Israel 2019}) 18. Nbd2 $11 e5 19. Nc4 Bg4 20. Qc2 f5 (20... Bf5 $14) 21. Ned6 $16 e4 22. dxe4 ({White should try} 22. b4) 22... f4 ({Better is} 22... Bxd6 23. cxd6 (23. Nxd6 f4 $16) 23... f4) 23. Qd2 {[%emt 0:09:00] &Bianco is more active.} ({White should play} 23. b4 $1 $16 ) 23... Qg5 $2 (23... Bxd6 $11 {and Black has nothing to worry.} 24. cxd6 (24. Nxd6 Qg5 $11) 24... Ra6) 24. e5 $18 (24. Nxb7 $6 Rab8 25. Nbd6 Qxc5 $11) 24... Ba5 $2 (24... Be6 {was worth a try.}) 25. Nxa5 {[%emt 0:06:37] Pair of Knights!} fxg3 {[%emt 0:02:24] [#]} 26. f4 Rxf4 {[%emt 0:05:37][%cal Of4f1] Strongly threatening ...Rf1+!} (26... gxh2+ 27. Kh1) 27. Nac4 $2 (27. Ndxb7 Nxa5 28. Nxa5 (28. Bd5+ $2 Kh8 $19) 28... Rf1+ $1 29. Rxf1 Qxd2 $17) (27. Bd5+ $18 {and White stays clearly on top.} Kh7 28. Qd3+ g6 29. Qxg3 $1 Nxe5 30. h4 $1 (30. Ndxb7 d3 $11) (30. Naxb7 Raf8 $11)) 27... gxh2+ 28. Kh1 Raf8 {[%emt 0:00:49] [#]} (28... Be6 $16 {keeps fighting.} 29. Rf1 (29. Nxb7 Bxc4 30. Qc1 Nxe5 $11) 29... Raf8 30. Rxf4 (30. Nxb7 Rxf1+ 31. Rxf1 Rxf1+ 32. Kxh2 Qh4+) 30... Rxf4) 29. Ne4 $1 (29. Nxb7 Qg6 30. Nba5 Nxa5 31. Qxa5 Be6 $17) 29... Qh4 {[%emt 0:01:51] [#]} (29... Qf5 30. Rf1 (30. Kxh2 $2 Bf3 $19) (30. Ned6 Qh5 $14) 30... Bf3 31. Rxf3 Rxf3 32. Bxf3 Qxf3+ 33. Qg2 Qxg2+ 34. Kxg2 Kf7 35. Ned6+ (35. Kxh2 Ke6 $18) 35... Ke6) 30. Nf6+ $1 {[%emt 0:02:10][%mdl 512] White is clearly winning.} R8xf6 31. exf6 Rf2 32. f7+ Kxf7 {[%emt 0:02:05] [#]} 33. Qxf2+ $3 {[%emt 0:00:55][%mdl 512] Weighted Error Value: White=0.29 (precise) /Black=0.57} 1-0

[Event "Danish-ch Masters 2022"]
[Site "Svendborg"]
[Date "2022.04.17"]
[Round "9.1"]
[White "Moller Ochsner, Bjorn"]
[Black "Thybo, Jesper Sondergaard"]
[Result "1/2-1/2"]
[ECO "C67"]
[WhiteElo "2506"]
[BlackElo "2559"]
[Annotator "TA"]
[PlyCount "131"]
[EventDate "2022.04.10"]
[EventType "tourn"]
[EventCountry "DEN"]
[SourceTitle "playchess.com"]
[Source "ChessBase"]
[SourceQuality "1"]
[TimeControl "40/5400+30:1800+30"]

1. e4 e5 2. Nf3 Nc6 3. Bb5 Nf6 4. O-O Nxe4 5. d4 Nd6 6. Bxc6 dxc6 7. dxe5 Nf5 8. Qxd8+ Kxd8 9. Rd1+ Ke8 10. Nc3 a5 11. h3 a4 12. Bf4 {[%emt 0:02:26] C67: Ruy Lopez: Berlin Defence: 4 0-0 Nxe4.} Bb4 {[%emt 0:19:02] [#]} 13. Ne4 $146 ({Predecessor:} 13. Ne2 Be6 14. g4 Ne7 15. Nfd4 Bd5 16. b3 b5 17. Bg3 h5 18. Nf4 Bc3 {½-½ (18) Dominguez Perez,L (2758)-Sadhwani,R (2545) Chess.com INT 2020}) 13... Be6 14. c3 Be7 15. Re1 h6 16. g4 Nh4 17. Nxh4 Bxh4 18. Bg3 Bxg3 19. Nxg3 g5 20. a3 Ke7 21. Rad1 Rhd8 22. f3 Rxd1 23. Rxd1 $17 {[%emt 0:00:01][%mdl 4096] Endgame KRB-KRN} Ra5 24. Re1 Rb5 25. Re2 Bc4 (25... Rd5 $15 {deserves consideration.}) 26. Nf5+ $11 Ke8 27. Rd2 Rxe5 28. Nxh6 Be6 29. Ng8 f5 30. Nf6+ Ke7 31. Nh5 f4 32. h4 {[%emt 0:00:43] [#] hxg5 is the strong threat.} Bf7 ({Don't play} 32... gxh4 33. Nxf4 Kf6 34. Ng2 $16) 33. Ng7 (33. Rh2 $11 {remains equal.}) 33... Kf6 34. Nf5 Bg6 (34... gxh4 $17 {And now ...Kg5 would win.} 35. Nxh4 Re1+ 36. Kf2 Rb1) 35. hxg5+ {[%emt 0:00:24] The position is equal.} Kxg5 36. Nd4 c5 37. Ne2 Bd3 38. Kf2 ({Of course not} 38. Rxd3 Rxe2 39. Rd5+ Kh4 $17) 38... Bxe2 39. Rxe2 {[%emt 0:00:01] KR-KR} Rd5 40. c4 Rd4 41. Re5+ Kg6 42. Rxc5 Rd2+ 43. Ke1 Rxb2 44. Rxc7 Rb3 45. Ke2 Re3+ 46. Kf2 Rxa3 47. Rxb7 Ra2+ 48. Ke1 Rc2 {[%emt 0:00:10] [#] White must now prevent ...a3.} 49. Ra7 Rxc4 50. Ra5 Rd4 51. Ke2 Kf6 52. Ke1 Ke6 53. Ke2 Kd6 54. g5 Ke6 55. g6 Kf6 56. Ra6+ $1 Kg7 57. Kf1 Rd3 58. Kg2 a3 59. Kh3 Rxf3+ 60. Kg4 Rb3 61. Kxf4 Rb1 62. Rxa3 Rf1+ 63. Rf3 Rg1 64. Rg3 Rf1+ 65. Rf3 Rg1 66. Rg3 {[%emt 0:00:03] Weighted Error Value: White=0.07 (flawless) /Black=0.05 (flawless)} 1/2-1/2

[Event "Danish-ch Masters 2022"]
[Site "Svendborg"]
[Date "2022.04.17"]
[Round "9.2"]
[White "Haubro, Martin"]
[Black "Percivaldi, Martin"]
[Result "1-0"]
[ECO "C11"]
[WhiteElo "2399"]
[BlackElo "2389"]
[Annotator "TA"]
[PlyCount "78"]
[EventDate "2022.04.10"]
[EventType "tourn"]
[EventCountry "DEN"]
[SourceTitle "playchess.com"]
[Source "ChessBase"]
[SourceQuality "1"]
[TimeControl "40/5400+30:1800+30"]

1. e4 e6 2. d4 d5 3. Nc3 Nf6 4. e5 Nfd7 5. f4 c5 6. Nf3 Nc6 7. Be3 a6 8. Ne2 {[%emt 0:00:09] C11: French: Classical System: 4 e5 and 4 Bg5 dxe4.} b5 9. c3 Be7 {[%emt 0:02:31] Recently 9...b4 got a lot of attention.} 10. h4 {[%emt 0:05:51] [#] White has an edge.} h5 $146 ({Predecessor:} 10... c4 11. Kf2 a5 12. Ng3 f5 13. h5 Nb6 14. Be2 b4 15. Nf1 Na7 16. Bd2 Bd7 {1-0 (35) Sunjaikin,B-Bereznev,A (2120) Orsk 2000}) 11. f5 cxd4 12. cxd4 {[%emt 0:23:35] Hoping for fxe6.} exf5 13. Qc2 Nb4 14. Qd2 (14. Qxf5 $2 Nxe5 $1 15. Qxe5 Nd3+ 16. Kd2 Nxe5 $19) 14... Nb6 {[%emt 0:06:28] White must now prevent ...Nc4.} 15. b3 {[%emt 0:00:09][%mdl 1024] Prevents Nc4. White has compensation.} Be6 {[%emt 0:01:20] [#]} (15... Nc6 $11) 16. a3 $1 $16 Nc6 17. Bg5 ({Better is} 17. Nf4 $14) 17... b4 (17... f6 $1 $11 {keeps the balance.} 18. Be3 Bf7) 18. a4 {[%emt 0:00:31] Black is on the road to losing.} Na5 19. Rb1 Rc8 (19... Nc8 $16 {keeps fighting.}) 20. Nf4 $18 Rc3 21. Bxa6 Nxb3 {[%emt 0:05:40] [#]} (21... O-O $142) 22. Qd1 $1 (22. Bb5+ $6 Bd7 23. Qe2 O-O $14) 22... Na5 23. O-O {[%emt 0:01:19][%cal Ob1b4] Rxb4! is the strong threat.} Qc7 24. Bb5+ Kf8 25. Bxe7+ Qxe7 26. Ng5 Rh6 27. Rf3 ({Weaker is} 27. Nxh5 Nbc4 28. Nf4 Ne3 $17) 27... Qc7 $2 (27... Rc8 28. Qe1 Nbc4) 28. Qe1 (28. Rxb4 $2 Rc1 29. Rb1 Rxd1+ $19) 28... Ke7 $2 (28... Kg8 {might work better.} 29. Ne2 (29. Rxb4 $2 Rc1 $19) 29... Rc2) 29. Rxc3 Qxc3 30. Qxc3 {[%emt 0:00:20] Chess con chili.} bxc3 31. Rc1 Nb3 $2 (31... Bd7 32. Rxc3 Bxb5) 32. Rxc3 Nxd4 33. Rc7+ Kf8 {[%emt 0:05:14] [#]} (33... Kd8 $142) 34. a5 $1 Nxb5 35. Nfxe6+ Ke8 36. Nxg7+ Kf8 37. Rxf7+ {[%emt 0:00:37] White mates.} Kg8 38. axb6 Rxb6 39. Nxh5 Kh8 {Weighted Error Value: White=0.20 (precise) /Black=0.62} 1-0

[Event "Danish-ch Masters 2022"]
[Site "Svendborg"]
[Date "2022.04.17"]
[Round "9.3"]
[White "Borge, Nikolaj"]
[Black "Buhl Bjerre, Jonas"]
[Result "0-1"]
[ECO "B90"]
[WhiteElo "2392"]
[BlackElo "2611"]
[Annotator "TA"]
[PlyCount "80"]
[EventDate "2022.04.10"]
[EventType "tourn"]
[EventCountry "DEN"]
[SourceTitle "playchess.com"]
[Source "ChessBase"]
[SourceQuality "1"]
[TimeControl "40/5400+30:1800+30"]

1. e4 c5 2. Nf3 d6 3. d4 cxd4 4. Nxd4 Nf6 5. Nc3 a6 6. h3 e5 {[%emt 0:00:37] 6...e5 is better than 6...e6.} 7. Nde2 h5 {[%emt 0:00:36] B90: Sicilian Najdorf: Unusual White 6th moves, 6 Be3 Ng4 and 6 Be3 e5.} 8. g3 Be6 9. Bg2 b5 {[%emt 0:00:33][%cal Bb7b5,Bb5b4][%mdl 32] The position is equal.} 10. O-O Nbd7 11. a4 b4 12. Nd5 Nxd5 13. exd5 Bf5 14. c3 Rb8 15. cxb4 Rxb4 16. Qe1 Qb8 17. Bd2 $1 Rc4 18. b4 Be7 19. Nc1 $1 O-O {[%emt 0:11:26] [#]} 20. Nb3 $146 (20. Qe2 {keeps more tension.} Rc2 21. Nb3 Qxb4 22. Qxh5 Qxb3 23. Qxf5 Nc5 24. Rfb1) ({Predecessor:} 20. Qe2 Rfc8 21. Nb3 Bd8 22. Rfc1 Rxc1+ 23. Rxc1 Rxc1+ 24. Nxc1 Qc8 25. a5 Nf6 26. Bf1 {½-½ (32) Stanojevic,S (2400)-Moiseev,S (2460) ICCF email 2019}) 20... Bd8 21. Qe2 Rxb4 22. Bxb4 (22. Qxh5 $2 Bg6 23. Qd1 Rxb3 $19) 22... Qxb4 23. Nc1 Nc5 24. Qxh5 Bc2 25. Qg4 e4 26. Ra2 Bxa4 27. Nd3 $2 {[%emt 0:05:02][%mdl 8192] This costs White the game.} Nxd3 $19 28. Bxe4 {[%emt 0:00:07] Rxa4 is the strong threat.} Bb5 29. Rd1 Qb3 (29... Re8 30. Bxd3 Re1+ 31. Kg2 Qxg4 32. hxg4 Rxd1 33. Bxb5 $17) 30. Ra3 $2 (30. Rdd2 Nc5 31. Bc2) 30... Qxa3 {[%emt 0:03:02] Black is clearly winning.} 31. Qh5 f5 ({Inferior is} 31... g6 32. Bxg6 Kg7 33. Qh7+ Kf6 34. Bxd3 Bxd3 35. Qh6+ Bg6 36. Qxf8 $11) 32. Bxf5 {[%emt 0:00:13] [#]} Rxf5 $1 33. Qxf5 Qb2 {[%emt 0:01:54] Hoping for ...Ne5.} 34. Qe6+ Kh8 35. Rxd3 Qb1+ ({Stronger than} 35... Bxd3 36. Qe8+ Kh7 37. Qh5+ Kg8 38. Qe8+ Kh7 39. Qh5+ Kg8 40. Qe8+ Kh7 $11) 36. Kh2 Qxd3 37. Qc8 {[%emt 0:00:13] [#]} Qxd5 $1 38. Qxd8+ Kh7 39. Qh4+ Kg6 {[%emt 0:00:15] ( -> ...Bc6)} 40. Qg4+ Kf7 {[%emt 0:00:10] Weighted Error Value: White=0.76/Black=0.02 (flawless)} 0-1

[Event "Danish-ch Masters 2022"]
[Site "Svendborg"]
[Date "2022.04.17"]
[Round "9.4"]
[White "Hoi, Carsten"]
[Black "Schandorff, Lars"]
[Result "0-1"]
[ECO "D38"]
[WhiteElo "2343"]
[BlackElo "2469"]
[Annotator "TA"]
[PlyCount "52"]
[EventDate "2022.04.10"]
[EventType "tourn"]
[EventCountry "DEN"]
[SourceTitle "playchess.com"]
[Source "ChessBase"]
[SourceQuality "1"]
[TimeControl "40/5400+30:1800+30"]

1. d4 Nf6 2. Nf3 d5 3. c4 e6 4. Nc3 Bb4 5. a3 Bxc3+ 6. bxc3 Ne4 {[%emt 0:03:06] Recently 6...c5 got a lot of attention.} 7. Qc2 {[%emt 0:02:27] D38: Queen's Gambit Declined: Ragozin Defence (4 Nf3 Bb4).} b6 8. e3 O-O 9. Bd3 {[%emt 0:05:14] The position is equal.} Ba6 10. O-O Nc6 {[%emt 0:05:29] [#]} 11. Ne5 $146 (11. a4 $11) ({Predecessor:} 11. Bxe4 dxe4 12. Nd2 f5 13. Rb1 Na5 14. Qa2 c5 15. f3 cxd4 16. cxd4 exf3 17. Rxf3 Bxc4 18. Nxc4 {0-1 (33) Cousteix,T-Boittiaux,I ICCF email 2010}) 11... Nxe5 $19 12. dxe5 {[%emt 0:10:52] [#]} Nc5 13. Bxh7+ (13. Rd1 $17) 13... Kh8 14. Rd1 g6 15. Bxg6 fxg6 16. cxd5 exd5 17. c4 Bxc4 18. Bb2 Kh7 {[%emt 0:04:36] Hoping for ...Bb3.} 19. Rd4 Qg5 20. g3 Ne6 21. Rh4+ Kg7 22. e4 Rh8 {[%emt 0:00:24] Black is clearly winning.} 23. f4 Qe7 24. f5 Qc5+ 25. Kh1 (25. Qf2 $142 Rxh4 26. Qxc5 Nxc5 27. gxh4) 25... Rxh4 26. gxh4 {[%emt 0:00:05] [#]} Qe3 $1 {[%emt 0:01:52] Black took control after the opening.  Weighted Error Value: White=0.69/Black=0.06 (flawless)} 0-1

[Event "Danish-ch Masters 2022"]
[Site "Svendborg"]
[Date "2022.04.17"]
[Round "9.5"]
[White "Sylvan, Jacob"]
[Black "Olsen, Filip Boe"]
[Result "1/2-1/2"]
[ECO "B94"]
[WhiteElo "2312"]
[BlackElo "2386"]
[Annotator "TA"]
[PlyCount "40"]
[EventDate "2022.04.10"]
[EventType "tourn"]
[EventCountry "DEN"]
[SourceTitle "playchess.com"]
[Source "ChessBase"]
[SourceQuality "1"]
[TimeControl "40/5400+30:1800+30"]

1. e4 c5 2. Nf3 d6 3. d4 cxd4 4. Nxd4 Nf6 5. Nc3 a6 6. Bg5 Nbd7 7. Qe2 {[%emt 0:00:24] 7.Qe2 is the recent fashion. B94: Sicilian Najdorf: 6 Bg5 Nbd7.} h6 8. Bh4 g6 9. f4 {[%emt 0:00:56] Strongly threatening 0-0-0. White is slightly better.} e5 10. fxe5 dxe5 {[%emt 0:00:11] [#]} 11. O-O-O $1 Qc7 ({Weaker is} 11... exd4 12. e5 $1 Bc5 13. exf6+ Kf8 14. Ne4 $16) 12. Nb3 b5 13. Rxd7 Nxd7 14. Nd5 {[%emt 0:00:05][%cal Rd5c7] [#]} Qa7 $146 {[%emt 0:06:48] [#]} (14... Qb8 $1 $11 {keeps the balance.}) ({Predecessor:} 14... Qb8 15. Na5 Bg7 16. Be7 Bb7 17. Nxb7 Qxb7 18. Qf3 Nb6 19. Bf6 Nxd5 20. Bxg7 Rh7 21. Bxe5 {1-0 (43) Shevchenko,K (2605)-Fedoseev,V (2696) Belgrade 2021}) 15. Na5 (15. Qd2 $1 $16) 15... Bd6 {[%emt 0:02:57] [#]} (15... Bg7 $1 $11) 16. Bf2 ({Reject} 16. Nc6 $6 Qb7 17. Nd8 Qa7 $11) (16. Qf3 $1 $16) 16... Qb8 (16... Bc5 $11 17. Nc6 Qb7 18. Nxe5 Bxf2 19. Qxf2 Nxe5) 17. Nc6 {[%emt 0:02:33][%mdl 1024] White has strong compensation. 0x0.002037565f53dp-1022s more active pieces. The black rooks are badly placed. Pair of Knights!} Qb7 18. Na5 Qb8 19. Nc6 Qb7 20. Na5 Qb8 {Weighted Error Value: White=0.37/Black=0.39} 1/2-1/2